 Dungeon Crawl Stone Soup version 0.32-a0-705-g60f233581c (webtiles) character file.

Game seed: 8705678529278631893

651 BeKind the Trooper (level 7, 0/38 HPs)
             Began as a Vine Stalker Berserker on Mar 15, 2024.
             Was a Priest of Trog.
             Succumbed to a water moccasin's poison
             ... on level 5 of the Dungeon.
             The game lasted 00:05:26 (3847 turns).

BeKind the Trooper (Vine Stalker Berserker)         Turns: 3847, Time: 00:05:27

Health: 0/38       AC:  2    Str: 21    XL:     7   Next: 53%
Magic:  6/8        EV: 13    Int:  7    God:    Trog [***...]
Gold:   277        SH:  0    Dex: 20    Spells: 6/6 levels left

rFire   . . .        a - +0 spear
rCold   . . .        (no shield)
rNeg    . . .        b - +0 animal skin
rPois   .            (no helmet)
rElec   .            (no cloak)
rCorr   .            (no gloves)
SInv    .            (no boots)
Will    .....        (no amulet)
Stlth   ++           s - +6 ring of dexterity
HPRegen 1.06/turn    (no ring)
MPRegen 0.11/turn

%: guardian spirit
@: lethally poisoned (0 -> 0), on berserk cooldown, slowed, very slow
A: fangs 2, regeneration 1, magic shield, antimagic bite, no potion heal 2
a: Renounce Religion, Berserk, Trog's Hand


You were on level 5 of the Dungeon.
You worshipped Trog.
Trog was most pleased with you.
You visited 1 branch of the dungeon, and saw 5 of its levels.

You collected 277 gold pieces.

Inventory:

Hand Weapons
 a - a +0 spear (weapon)
 j - a +0 sling
Missiles
 k - 80 stones (quivered)
Armour
 b - a +0 animal skin (worn)
Jewellery
 l - an amulet of faith
 s - a +6 ring of dexterity (left hand)
Wands
 o - a wand of paralysis (13)
Scrolls
 d - 5 scrolls of identify {unknown}
 g - a scroll of silence {unknown}
 i - a scroll of teleportation {unknown}
 p - a scroll of vulnerability {unknown}
 q - a scroll of enchant weapon {unknown}
 r - a scroll of enchant armour {unknown}
 t - a scroll of fog {unknown}
 u - a scroll of amnesia {unknown}
Potions
 c - a potion of brilliance {unknown}
 e - a potion of cancellation {unknown}
 f - 4 potions of curing {unknown}
 h - a potion of mutation {unknown}
 m - a potion of lignification {unknown}
 n - 2 potions of might {unknown}


   Skills:
 + Level 4.3 Fighting
 + Level 4.3 Polearms
 + Level 1.6 Ranged Weapons
 + Level 3.4 Armour
 + Level 3.4 Dodging


You had 6 spell levels left.
You didn't know any spells.
Your spell library contained the following spells:

 Spells                   Type           Power      Damage    Failure   Level
 Cigotuvi's Dreadful Rot  Necr/Alch/Air  0%         N/A       56%         2
 Fugue of the Fallen      Necr           0%         N/A       80%         3
 Hailstorm                Conj/Ice       0%         3d5       80%         3
 Ozocubu's Armour         Ice            0%         N/A       80%         3
 Summon Ice Beast         Ice/Summ       0%         N/A       80%         3
 Ignite Poison            Fire/Alch      0%         N/A       99%         4
 Manifold Assault         Tloc           0%         N/A       99%         4
 Freezing Cloud           Conj/Ice/Air   0%         6-21      100%        5
 Permafrost Eruption      Ice/Erth       0%         2x4d2     100%        6
 Sculpt Simulacrum        Ice/Alch       0%         N/A       100%        6


Dungeon Overview and Level Annotations

Branches:
Dungeon (5/15)             Temple (0/1) D:4

Altars:
Ashenzari
Zin


Innate Abilities, Weirdness & Mutations

You have extremely sharp teeth.
Your natural rate of healing is unusually fast.
When hurt, damage is shared between your health and your magic reserves.
Your bite disrupts and absorbs the magic of your enemies.
Potions cannot restore your health.


Message History

The water moccasin poisons you!
A red film seems to cover your vision as you go berserk!
You feel yourself moving faster!
You feel mighty!
You feel very sick. The water moccasin barely misses you.
You puncture the water moccasin! You bite the water moccasin.
You drain its power.
You feel invigorated.
The water moccasin is moderately wounded.
You feel sick. The water moccasin bites you.
* * * LOW HITPOINT WARNING * * *
You miss the water moccasin. You bite the water moccasin. You drain its power.
You feel invigorated.
The water moccasin is severely wounded.
* * * LOW HITPOINT WARNING * * *
You feel sick. The water moccasin bites you.
You hit the water moccasin. Your bite misses the water moccasin.
The water moccasin is almost dead.
* * * LOW HITPOINT WARNING * * *
You feel sick. The water moccasin barely misses you.
You barely miss the water moccasin.
The water moccasin is almost dead.
* * * LOW HITPOINT WARNING * * *
You feel sick.
You puncture the water moccasin!
You kill the water moccasin!
Trog accepts your kill.
* * * LOW HITPOINT WARNING * * *
You feel sick.
You are too berserk!
Unknown command.
* * * LOW HITPOINT WARNING * * *
You feel sick.
You feel a strong urge to attack something.
* * * LOW HITPOINT WARNING * * *
You feel sick.
The black bear growls angrily.
You feel your anger nearly subside.
You are no longer berserk.
You are exhausted.
You feel yourself slow down.
You die...

........##### #...........o...
....##### #..........o..#
....##### #.....o.S>..##
........## #.##..#.#####
...####..## ##h.###.#.. .#
...#####..#### #..# ##o####.###
.............#####.# #....>.....
##########.........####..........
########.....@....)...........
#......†..#..#######..........
#.........##.# #..........
#.........##.# #.o........
#.........##.#######..........
#.........##........o.........
#.........##########.#########
#.........# #.s.#####..
########### ###.S......


You could see a black bear.

Vanquished Creatures
  A water moccasin (D:5)
  An ogre (D:5)
  A scorpion (D:5)
  A howler monkey (D:4)
  2 bombardier beetles
  A jelly (D:4)
  2 iguanas
  A sleepcap (D:3)
  An orc wizard (D:3)
  5 adders
  A ribbon worm (D:4)
  3 dart slugs (D:1)
  6 orcs (D:3)
  3 bats
  11 endoplasms
  4 giant cockroaches
  8 goblins
  7 hobgoblins
  7 jackals
  5 quokkas
  9 ball pythons
  5 frilled lizards
  18 kobolds
  9 rats
112 creatures vanquished.

Notes
Turn   | Place    | Note
-------+----------+-------------------------------------------
     0 | D:1      | BeKind the Vine Stalker Berserker began the quest for the
                  | Orb.
     0 | D:1      | Reached XP level 1. HP: 11/11 MP: 2/2
    80 | D:1      | Reached XP level 2. HP: 14/16 MP: 1/3
   223 | D:1      | Reached XP level 3. HP: 20/20 MP: 4/4
   333 | D:1      | Found a faded altar of an unknown god.
   392 | D:1      | Reached ** piety under Trog
   729 | D:2      | Reached XP level 4. HP: 21/24 MP: 5/5
  1598 | D:3      | Reached XP level 5. HP: 7/28 MP: 1/6
  2321 | D:4      | Found Zin's Purification Station.
  2326 | D:4      | Found a glowing silver altar of Zin.
  2333 | D:4      | Reached *** piety under Trog
  2659 | D:4      | Reached XP level 6. HP: 33/33 MP: 7/7
  3140 | D:4      | Found a staircase to the Ecumenical Temple.
  3404 | D:5      | Entered Level 5 of the Dungeon
  3404 | D:5      | Noticed a black bear
  3404 | D:5      | Noticed a water moccasin
  3676 | D:5      | Found a broken altar of Ashenzari.
  3773 | D:5      | Reached XP level 7. HP: 37/37 MP: 8/8
  3798 | D:5      | Reached skill level 1 in Ranged Weapons
  3840 | D:5      | HP: 2/55 [poisoned by a water moccasin]
  3845 | D:5      | HP: 1/57 [poisoned by a water moccasin]
  3847 | D:5      | Succumbed to a water moccasin's poison

Illustrated notes

Levels and vault maps discovered:
D:1:      dpeg_arrival_erosion, layout_rooms, ebering_ecumenical_altar_hall
D:2:      layout_basic, dk_noncrumbling_2, minmay_tetromino_t2
D:3:      layout_loops_cross, feat_on_display
D:4:      cheibrodos_fertilizer, layout_gridville, zin_purify,
          minmay_temple_entry_statues_pillars, minmay_vboxes
D:5:      layout_rooms, ashenzari_conservatory_becter, chequers_garden

Skill      XL: |  1  2  3  4  5  6  7 |
---------------+----------------------+-----
Fighting       | 3 4 |  4.3
Polearms       | 3 4 |  4.3
Armour         | 2 3 |  3.4
Dodging        | 2 3 |  3.4
Ranged Weapons | 1 |  1.6

Action                     |  1- 3 |  4- 6 |  7- 9 || total
---------------------------+-------+-------+-------++-------
  Melee: Spear             |   114 |   256 |    25 ||   395
         Bite              |    23 |    56 |     8 ||    87
   Fire: Sling             |       |     3 |       ||     3
  Throw: Stone             |       |     7 |       ||     7
 Invoke: Berserk           |       |     2 |     1 ||     3
   Stab: Sleeping          |       |     3 |       ||     3
         Distracted        |       |     1 |     1 ||     2
 Armour: Animal skin       |    53 |    96 |     8 ||   157
  Dodge: Dodged            |    42 |   108 |    10 ||   160

Table legend: (Time is in decaauts)
 A = Elapsed time spent in this place.
 B = Non-inter-level travel time spent in this place.
 C = Inter-level travel time spent in this place.
 D = Time resting spent in this place.
 E = Time spent auto-exploring this place.
 F = Levels seen in this place.
 G = Mean time per level.
                   A        B        C        D        E       F      G
               +--------+--------+--------+--------+--------+-----+--------+
         Total |   3836 |   3349 |    487 |    271 |   2355 |   5 |  767.2 |
       Dungeon |   3836 |   3349 |    487 |    271 |   2355 |   5 |  767.2 |
               +--------+--------+--------+--------+--------+-----+--------+

Top non-repeatable levels by time:
     D:4: 1388 daAuts
     D:2: 892 daAuts
     D:3: 716 daAuts
     D:1: 624 daAuts
     D:5: 214 daAuts
